 Dungeon Crawl Stone Soup version 0.25.1-8-g42b30a86e7 (webtiles) character file.

Game seed: 10770400498795926334

16157 hawla the Thaumaturge (level 12, 0/204 HPs)
             Began as a Red Draconian Ice Elementalist on Dec 13, 2020.
             Was a High Priest of Vehumet.
             Slain by an ogre
             ... wielding a +0 giant club
              (11 damage)
             ... on level 12 of the Dungeon on Dec 14, 2020.
             The game lasted 01:17:18 (18947 turns).

hawla the Thaumaturge (DrIE)                       Turns: 18947, Time: 01:17:19

Health: 0/204      AC: 37    Str: 15    XL:     12   Next: 7%
Magic:  18/27      EV:  2    Int: 26    God:    Vehumet [*****.]
Gold:   988        SH:  0    Dex: 14    Spells: 20/33 levels left

rFire    + . .     SeeInvis .   v - +1 quarterstaff
rCold    + . .     Gourm    .   (shield currently unavailable)
rNeg     + + +     Faith    +   (armour unavailable)
rPois    +         Spirit   .   (helmet currently unavailable)
rElec    +         Reflect  .   (cloak currently unavailable)
rCorr    +         Harm     .   (gloves currently unavailable)
MR       .....     NoTele   +   (boots currently unavailable)
Stlth    ..........             C - amulet of faith
HPRegen  0.44/turn              a - +6 ring of intelligence
MPRegen  0.20/turn              t - ring "Tuozywka" {AC+4 Str+4}

@: confused, berserking, lethally poisoned (0 -> -1), icy armour, tree-form
(expiring), resistant, very slightly contaminated, slowed
A: (breathe fire), unfitting armour, agile 1, blurry vision 1, AC +8
a: Renounce Religion


You were on level 12 of the Dungeon.
You worshipped Vehumet.
Vehumet was extremely pleased with you.
You were not hungry.
You were a tree.
You visited 2 branches of the dungeon, and saw 13 of its levels.
You also visited: Ossuary and Bailey.

You collected 988 gold pieces.

Inventory:

Hand Weapons
 f - a +5 executioner's axe of flaming
 v - a +1 quarterstaff (weapon)
Missiles
 e - 16 boomerangs (quivered)
 y - 4 poisoned darts
Armour
 c - a +2 pair of boots (melded)
 n - a +0 pair of gloves (melded)
 E - a cursed +0 cloak (melded)
 S - a +1 hat (melded)
Jewellery
 a - a +6 ring of intelligence (left branch)
 h - an uncursed ring of fire
 t - the ring "Tuozywka" (right branch) {AC+4 Str+4}
   (You found it in an ossuary)

   [ring of protection]

   It affects your AC (+4).
   It affects your strength (+4).
 u - an uncursed amulet of the acrobat
 B - an uncursed ring of wizardry
 C - an amulet of faith (around neck)
 N - the ring "Jaapoak" {rF+ SInv}
   (You took it off a wight on level 9 of the Dungeon)

   [ring of see invisible]

   It protects you from fire.
   It lets you see invisible.
 O - the ring of the Scarab {rF+ Str+4}
   (You found it on level 9 of the Dungeon)

   [ring of protection from fire]

   It affects your strength (+4).
   It protects you from fire.
 P - the amulet "Oqisittor" {Spirit rF+}
   (You found it on level 9 of the Dungeon)

   [amulet of guardian spirit]

   It causes incoming damage to be split between your health and magic.
   It protects you from fire.
Wands
 g - a wand of disintegration (19)
 j - a wand of clouds (2)
 w - a wand of random effects (15)
 z - a wand of flame (29)
 G - a wand of paralysis (18)
 M - a wand of acid (13)
Scrolls
 s - 5 scrolls of remove curse
 x - 3 scrolls of enchant armour
 A - a scroll of fog
 F - 2 scrolls of enchant weapon
 J - 2 scrolls of teleportation
 L - a scroll of amnesia
Potions
 d - 2 potions of curing
 i - a potion of brilliance
 k - 7 potions of stabbing
 l - a potion of lignification
 o - a potion of resistance
 p - a potion of ambrosia
 q - 2 potions of flight
 r - a potion of berserk rage
 I - a potion of haste
Comestibles
 b - 19 rations
 D - 3 chunks of flesh


   Skills:
 + Level 3.7 Fighting
 + Level 8.4 Staves
 + Level 1.9 Throwing
 + Level 8.1 Dodging
 + Level 2.6 Stealth
 - Level 11.0 Spellcasting
 + Level 4.3 Conjurations
 + Level 2.5 Charms
 + Level 3.3 Translocations
 + Level 5.6 Ice Magic
 + Level 2.2 Earth Magic
 + Level 2.4 Evocations


You had 20 spell levels left.
You knew the following spells:

 Your Spells              Type           Power        Failure   Level  Hunger
a - Iskenderun's Mystic   Conj/Tloc      ####....     2%          4    None
b - Frozen Ramparts       Ice            #####.       1%          3    None
c - Ozocubu's Armour      Chrm/Ice       #####...     2%          3    None
d - Stone Arrow           Conj/Erth      ####..       1%          3    None

Your spell library contained the following spells:

 Spells                   Type           Power        Failure   Level  Hunger
 Freeze                   Ice            ####         1%          1    None
 Hailstorm                Conj/Ice       #####...     1%          4    None
 Summon Small Mammal      Summ           ##..         4%          1    None
 Call Imp                 Summ           ##......     6%          2    None
 Call Canine Familiar     Summ           ##......     12%         3    None
 Summon Guardian Golem    Hex/Summ       ##......     12%         3    None
 Summon Ice Beast         Ice/Summ       ####....     13%         4    None
 Summon Lightning Spire   Summ/Air       ##......     38%         4    None


Dungeon Overview and Level Annotations

Branches:
Dungeon (12/15)            Temple (1/1) D:4            Lair (0/6) D:8
    Orc (0/2) D:10        Ossuary (visited)          Bailey (visited)

Altars:
Ashenzari
Cheibriados
Dithmenos
Elyvilon
Fedhas
Gozag
Hepliaklqana
Kikubaaqudgha
Makhleb
Nemelex Xobeh
Okawaru
Qazlal
Ru
Sif Muna
Trog
Uskayaw
Vehumet
Wu Jian
Xom
Yredelemnul
Zin
The Shining One
Beogh

Shops:
D:8 *   D:11 =

Annotations:
D:12 Sonja


Innate Abilities, Weirdness & Mutations

((You can breathe blasts of fire.))
((Your fiery red scales are hard. (AC +8)))
You cannot fit into any form of body armour.
((Your flesh is heat resistant. (rF+)))
((You are cold-blooded and may be slowed by cold attacks.))
You are agile. (Dex +2)
Scrolls take you a little longer to read.


Message History

The quasit bites you but does no damage.
The quasit claws you but does no damage. x2
The slime creature hits you but does no damage.
Unknown command.
You're too confused to cast spells.
Okay, then.
You cannot move. (Use ctrl+direction or * direction to attack without moving.) Unknown command.
A red film seems to cover your vision as you go berserk!
You feel yourself moving faster!
You feel mighty!
You feel sick.
Sonja disappears!
A centaur warrior zombie comes into view.
The quasit bites you but does no damage.
The quasit barely misses you.
The quasit claws you but does no damage.
An orc comes into view.
The slime creature hits you.
* * * LOW HITPOINT WARNING * * *
The ogre hits you with a +0 giant club!
You die...

#..........# #.
#..Z.....#.#.....
.................
#................
..........$##....
........#........
.....§.(##.J.....
......^..Ja.....<
......).O♣5##..
..o.....##..# .
........# #.#
.....§..# ..#
........# ....
........####..##
................ #
.........####### ...
......#.########.....


You could see 2 slime creatures, an ogre, a worker ant, a quasit, an orc
(wandering) and a centaur warrior zombie (wandering).

Vanquished Creatures
  A centaur warrior (D:9)
  3 two-headed ogres
  Pikel (D:5)
  An orc knight (Bailey)
  An ugly thing (D:9)
  Maurice (D:8)
  A centaur zombie (D:11)
  A komodo dragon (D:8)
  A kobold demonologist (D:11)
  A merfolk (D:9)
  5 trolls
  Grinder (D:4)
  2 hippogriffs
  3 slime creatures (D:12)
  Sigmund (D:5)
  6 yaks (D:8)
  A wraith (Ossuary)
  A wyvern (D:12)
  Grum (D:10)
  Menkaure (D:5)
  3 hungry ghosts
  A soldier ant (D:11)
  An acid dragon (D:8)
  A water moccasin (D:11)
  14 orc warriors
  4 ice beasts
  5 sky beasts
  2 phantoms
  2 black bears
  3 ogres
  A necrophage (D:11)
  2 wolves (D:10)
  5 centaurs
  3 crocodiles (D:8)
  2 big kobolds (D:9)
  Blork the orc (D:6)
  4 bullfrogs
  2 scorpions
  6 killer bees (D:10)
  A wight (D:9)
  4 howler monkeys
  5 crimson imps
  2 quasits
  5 hounds
  4 jellies
  3 bullfrog skeletons
  2 human zombies (Ossuary)
  7 orc priests
  3 iguanas
  10 orc wizards
  7 worker ants
  2 hound skeletons (D:11)
  A hound zombie (D:5)
  3 mummies (Ossuary)
  A worker ant zombie (D:9)
  7 gnolls
  2 howler monkey skeletons
  15 adders
  3 shadow imps
  3 adder zombies
  2 worms (D:3)
  A dart slug (D:1)
  3 leopard geckos
  58 orcs
  A ball python (D:4)
  6 giant cockroaches
  8 goblins
  7 hobgoblins
  10 jackals
  3 quokkas
  4 bats
  2 frilled lizards
  A gnoll zombie (Ossuary)
  A goblin zombie (Ossuary)
  4 hobgoblin zombies (Ossuary)
  A jackal skeleton (D:5)
  A jackal zombie (D:5)
  6 kobolds
  3 kobold zombies (Ossuary)
  A leopard gecko skeleton (D:4)
  4 rats
  2 rat zombies (D:4)
315 creatures vanquished.

Vanquished Creatures (others)
  A jackal (D:5)
1 creature vanquished.

Grand Total: 316 creatures vanquished

Notes
Turn   | Place    | Note
-------+----------+-------------------------------------------
     0 | D:1      | hawla the Draconian Ice Elementalist began the quest for
                  | the Orb.
     0 | D:1      | Reached XP level 1. HP: 14/14 MP: 3/3
   275 | D:1      | Reached XP level 2. HP: 20/20 MP: 2/5
   742 | D:1      | Reached skill level 3 in Spellcasting
   941 | D:1      | Reached XP level 3. HP: 5/26 MP: 0/7
  1248 | D:1      | Learned a level 3 spell: Frozen Ramparts
  1689 | D:2      | Reached XP level 4. HP: 33/33 MP: 4/9
  1697 | D:2      | Learned a level 3 spell: Ozocubu's Armour
  1982 | D:2      | Found a white marble altar of Elyvilon.
  2017 | D:2      | Found a glowing silver altar of Zin.
  2834 | D:3      | Reached skill level 1 in Charms
  3379 | D:4      | Found a sand-covered staircase.
  3397 | Ossuary  | Entered an ossuary
  3397 | Ossuary  | Noticed a wraith
  3397 | Ossuary  | Noticed a wraith
  3397 | Ossuary  | Noticed a wraith
  3536 | Ossuary  | Reached XP level 5. HP: 31/38 MP: 8/10
  3678 | Ossuary  | Reached skill level 4 in Spellcasting
  3678 | Ossuary  | Reached skill level 5 in Ice Magic
  3957 | Ossuary  | Noticed a wraith
  3988 | Ossuary  | Killed a wraith
  3988 | Ossuary  | Reached skill level 1 in Fighting
  3988 | Ossuary  | Reached XP level 6. HP: 11/47 MP: 8/12
  4344 | Ossuary  | Got a pitted silver ring
  4369 | Ossuary  | Identified the ring "Tuozywka" {AC+4 Str+4} (You found it
                  | in an ossuary)
  4520 | D:4      | Noticed Grinder
  4537 | D:4      | Paralysed by Grinder for 6 turns
  4550 | D:4      | Paralysed by Grinder for 4 turns
  4567 | D:4      | Killed Grinder
  4567 | D:4      | Your scales start taking on a fiery red colour.
  4567 | D:4      | Reached XP level 7. HP: 27/52 MP: 3/14
  4567 | D:4      | Gained mutation: Your flesh is heat resistant. (rF+) [Red
                  | Draconian growth]
  4738 | D:4      | Found a staircase to the Ecumenical Temple.
  4755 | Temple   | Entered the Ecumenical Temple
  4837 | Temple   | Became a worshipper of Vehumet
  4997 | D:4      | Reached skill level 5 in Spellcasting
  5135 | D:4      | Found a sacrificial altar of Ru.
  5208 | D:4      | Found a roughly hewn altar of Beogh.
  5582 | D:5      | Entered Level 5 of the Dungeon
  5670 | D:5      | Reached skill level 6 in Spellcasting
  5772 | D:5      | Reached XP level 8. HP: 22/59 MP: 0/17
  6170 | D:5      | Reached * piety under Vehumet
  6170 | D:5      | Offered knowledge of Shock by Vehumet.
  6181 | D:5      | Noticed Sigmund
  6201 | D:5      | Killed Sigmund
  6201 | D:5      | Reached skill level 7 in Spellcasting
  6412 | D:5      | Noticed Menkaure
  6424 | D:5      | Killed Menkaure
  6602 | D:5      | Reached skill level 8 in Spellcasting
  7367 | D:5      | Noticed Pikel
  7403 | D:5      | Killed Pikel
  7403 | D:5      | Reached skill level 9 in Spellcasting
  7403 | D:5      | Reached XP level 9. HP: 16/66 MP: 20/22
  7417 | D:5      | Found an opulent altar of Gozag.
  7417 | D:5      | Found a sparkling altar of Nemelex Xobeh.
  7799 | D:6      | Noticed Blork the orc
  7809 | D:6      | Killed Blork the orc
  7929 | D:6      | Found an opulent altar of Gozag.
  8031 | D:6      | Offered knowledge of Magic Dart by Vehumet.
  8042 | D:6      | Reached ** piety under Vehumet
  8589 | D:6      | Found a hazy altar of Hepliaklqana.
  9136 | D:7      | Found a snail-covered altar of Cheibriados.
  9140 | D:7      | Reached skill level 1 in Evocations
  9285 | D:7      | Found an ornate altar of the Wu Jian Council.
  9504 | D:8      | Found a white marble altar of Elyvilon.
  9528 | D:8      | Noticed a two-headed ogre
  9540 | D:8      | Killed a two-headed ogre
  9540 | D:8      | Reached skill level 5 in Staves
  9844 | D:8      | Noticed Maurice
  9849 | D:8      | Paralysed by something for 7 turns
  9864 | D:8      | Paralysed by something for 7 turns
 10163 | D:8      | Noticed a komodo dragon
 10181 | D:8      | Killed a komodo dragon
 10181 | D:8      | Reached XP level 10. HP: 68/77 MP: 18/23
 10263 | D:8      | Reached skill level 5 in Dodging
 10263 | D:8      | Reached skill level 10 in Spellcasting
 10637 | D:8      | Found a staircase to the Lair.
 10772 | D:8      | Found a blossoming altar of Fedhas.
 10826 | D:8      | Found Sukhliz's General Store.
 10849 | D:8      | Offered knowledge of Inner Flame by Vehumet.
 11044 | D:8      | Found a stormy altar of Qazlal.
 11131 | D:8      | Killed Maurice
 11784 | D:9      | Found a hide-covered altar of Uskayaw.
 11784 | D:9      | Found a bloodstained altar of Trog.
 11817 | D:9      | Reached *** piety under Vehumet
 12181 | D:9      | Noticed a two-headed ogre
 12195 | D:9      | Killed a two-headed ogre
 12470 | D:9      | Identified the ring "Jaapoak" {rF+ SInv}
 12474 | D:9      | Reached XP level 11. HP: 78/82 MP: 22/25
 12475 | D:9      | Noticed a centaur warrior
 12482 | D:9      | Noticed a purple ugly thing
 12485 | D:9      | Identified the ring of the City {rPois MR+}
 12485 | D:9      | Noticed a skeletal warrior
 12491 | D:9      | Killed a centaur warrior
 12500 | D:9      | Killed a purple ugly thing
 12500 | D:9      | Offered knowledge of Iskenderun's Mystic Blast by Vehumet.
 12512 | D:9      | Learned a level 4 spell: Iskenderun's Mystic Blast
 12890 | D:9      | Reached skill level 1 in Conjurations
 13346 | D:9      | Got an ancient silver ring
 13355 | D:9      | Got a glittering emerald amulet
 13584 | D:9      | Found a glowing golden altar of the Shining One.
 13690 | D:9      | Reached skill level 1 in Translocations
 13818 | D:9      | Noticed a two-headed ogre
 14011 | D:9      | Killed a two-headed ogre
 14160 | D:9      | Identified the ring of the Scarab {rF+ Str+4} (You found it
                  | on level 9 of the Dungeon)
 14163 | D:9      | Identified the amulet "Oqisittor" {Spirit rF+} (You found
                  | it on level 9 of the Dungeon)
 14169 | D:10     | Entered Level 10 of the Dungeon
 14192 | D:10     | Noticed Grum
 14212 | D:10     | Killed Grum
 14683 | D:10     | Reached **** piety under Vehumet
 14755 | D:10     | Found a staircase to the Orcish Mines.
 14781 | D:10     | Offered knowledge of Stone Arrow by Vehumet.
 15316 | D:11     | Found a flagged portal.
 15329 | Bailey   | Entered a bailey
 15457 | Bailey   | Learned a level 3 spell: Stone Arrow
 15467 | Bailey   | Reached skill level 11 in Spellcasting
 15687 | Bailey   | Reached skill level 5 in Ice Magic
 16653 | Bailey   | Reached skill level 1 in Throwing
 16833 | Bailey   | Noticed an orc knight
 16852 | Bailey   | Killed an orc knight
 16852 | Bailey   | Reached skill level 1 in Earth Magic
 17943 | D:11     | Found Nuob's Jewellery Shoppe.
 18779 | D:12     | Reached XP level 12. HP: 89/89 MP: 5/27
 18922 | D:12     | Noticed Sonja
 18931 | D:12     | Reached ***** piety under Vehumet
 18944 | D:12     | Gained mutation: Scrolls take you a little longer to read.
                  | [potion of mutation]
 18944 | D:12     | Gained mutation: You are agile. (Dex +2) [potion of
                  | mutation]
 18946 | D:12     | HP: 6/136 [ogre/+0 giant club (10)]
 18947 | D:12     | Slain by an ogre

Illustrated notes

Levels and vault maps discovered:
D:1:      dpeg_arrival_rhombi, layout_loops_ring, minivault_14
D:2:      layout_rooms, zin_statuary, first_ration, st_stairs_6,
          lemuel_tele_altar
D:3:      layout_loops_ring, grunt_decor_resistance
D:4:      layout_loops_ring, nicolae_ru_awakened_eye,
          minmay_temple_entry_proselytizer, enter_ossuary_4, minivault_11,
          kennysheep_orc_chapel, uniq_grinder
D:5:      layout_layer_cave, grunt_temple_overflow_opulence, uniq_pikel,
          uniq_menkaure, uniq_sigmund
D:6:      layout_loops_ring, nicolae_overflow_crystal_walls,
          grunt_gozag_breadcrumbs, uniq_blork_the_orc
D:7:      layout_loops_cross, cheibriados_altar_1, kennysheep_mini
D:8:      layout_basic, nicolae_qazlal_style_of_elements, elyvilon_altar_5,
          fedhas_ov_isle_minmay, erik_lair_dragon, serial_shops, shop,
          uniq_maurice
D:9:      minmay_the_grid_triangle_9x9_rhombus_thin_mashed
          [minmay_the_grid_triangle_9x9_zippers_horizontal,
          minmay_the_grid_triangle_9x9_prize_special,
          minmay_the_grid_triangle_9x9_longest,
          minmay_the_grid_triangle_9x9_flanged_cone], layout_irregular_city,
          tso_oasis_becter, gammafunk_temple_overflow_elements,
          hangedman_fish_farm
D:10:     layout_roguey, orc_0_dummy, uniq_grum
D:11:     layout_loops_cross, serial_shops, shop_coins,
          lightli_bailey_entry_fortress
D:12:     layout_rooms, uniq_sonja
Temple:   dpeg_three_leaves_temple

Skill      XL: |  1  2  3  4  5  6  7  8  9 10 11 |
---------------+----------------------------------+-----
Spellcasting   | 3 4 6 9 10 11 | 11.0
Charms         | 1 2 |  2.5
Ice Magic      | 5 4 5 |  5.6
Dodging        | 2 4 7 8 |  8.1
Fighting       | 1 3 |  3.7
Stealth        | 2 |  2.6
Staves         | 2 5 7 8 |  8.4
Evocations     | 2 |  2.4
Conjurations   | 4 |  4.3
Translocations | 3 |  3.3
Throwing       | 1 |  1.9
Earth Magic    | 2 |  2.2

Action                   |  1- 3 |  4- 6 |  7- 9 | 10-12 || total
-------------------------+-------+-------+-------+-------++-------
Melee: Unarmed           |     9 |       |       |       ||     9
       Tailslap          |     1 |    12 |    20 |    39 ||    72
       Short sword       |     3 |   121 |    33 |       ||   157
       Quarterstaff      |       |       |   150 |   312 ||   462
Throw: Boomerang         |       |     8 |    30 |    65 ||   103
 Cast: Freeze            |    46 |    14 |    30 |       ||    90
       Frozen Ramparts   |     4 |    16 |    51 |    70 ||   141
       Ozocubu's Armour  |       |    14 |    23 |    72 ||   109
       Stone Arrow       |       |       |       |   108 ||   108
       Iskenderun's Myst |       |       |       |    30 ||    30
 Abil: Breathe Fire      |       |       |     4 |     4 ||     8
Evoke: Wand              |       |       |     2 |     3 ||     5
  Use: Potion            |     2 |     1 |     1 |    14 ||    18
       Scroll            |       |     7 |     8 |     7 ||    22
  Eat: Chunk             |     3 |     6 |    14 |    26 ||    49
       Ration            |       |     2 |     1 |     3 ||     6
Armor: Skin              |    18 |    45 |   184 |   282 ||   529
Dodge: Dodged            |    48 |    70 |   236 |   490 ||   844
